 Dungeon Crawl Stone Soup version 0.17.1-3-g152610e (webtiles) character file.

3752 MirrMurr the Covert (level 9, -4/39 HPs)
             Began as a Spriggan Enchanter on Mar 1, 2016.
             Was a Priest of Ashenzari.
             Slain by a hill giant
             ... wielding a +0 giant spiked club
              (43 damage)
             ... on level 9 of the Dungeon.
             The game lasted 00:21:24 (9546 turns).

MirrMurr the Covert (Spriggan Enchanter)            Turns: 9546, Time: 00:21:24

Health: -4/39      AC:  6    Str:  4    XL:     9   Next: 93%
Magic:  4/23       EV: 21    Int: 20    God:    Ashenzari [***...]
Gold:   241        SH:  0    Dex: 16    Spells: 4 memorised, 18 levels left

rFire  . . .     SeeInvis +     a - +1 dagger
rCold  . . .     Clarity  .     b - +2 robe (curse)
rNeg   . . .     SustAt   .     (shield restricted)
rPois  .         Gourm    .     (helmet restricted)
rElec  .         Spirit   .     u - +1 cloak
rCorr  +         Warding  .     (gloves unavailable)
rMut   .         Stasis   .     (boots unavailable)
MR     +....                    q - amulet of resist corrosion (curse)
Stlth  ++++++....               t - +5 ring of slaying
                                h - +3 ring of evasion

@: very quick, somewhat resistant to hostile enchantments, very stealthy
A: unfitting armour, see invisible, herbivore 3, speed 3, slow metabolism 2
a: Scrying, Renounce Religion


You were on level 9 of the Dungeon.
You worshipped Ashenzari.
Ashenzari was most pleased with you.
You were not hungry.

You visited 2 branches of the dungeon, and saw 10 of its levels.

You collected 571 gold pieces.
You spent 330 gold pieces at shops.

Inventory:

Hand Weapons
 a - a +1 dagger (weapon)
Missiles
 e - 43 poisoned needles
 j - 264 stones (quivered)
 v - 6 tomahawks
Armour
 b - a cursed +2 robe (worn)
 u - a +1 cloak (worn)
Jewellery
 h - a +3 ring of evasion (left hand)
 k - an uncursed ring of sustain attributes
 q - a cursed amulet of resist corrosion (around neck)
 t - a +5 ring of slaying (right hand)
 w - an uncursed ring of flight
Wands
 x - a wand of flame (25)
 y - a wand of enslavement (17)
 B - a wand of disintegration (11)
 D - a wand of confusion (37)
Scrolls
 i - a scroll of remove curse
 m - 2 scrolls of curse weapon
 n - 3 scrolls of teleportation
 A - 3 scrolls of magic mapping
 C - a scroll of recharging
 G - a scroll of amnesia
Potions
 f - 4 potions of magic
 g - 3 potions of agility
 o - a potion of brilliance
 p - a potion of lignification
 r - a potion of resistance {unknown}
 s - a potion of ambrosia {unknown}
 z - a potion of poison {unknown}
 F - a potion of curing {unknown}
Books
 c - a book of Maledictions

   Spells                             Type                      Level
   a - Corona                         Hexes                        1
   b - Ensorcelled Hibernation        Hexes/Ice                    2
   c - Confuse                        Hexes                        3
   d - Tukima's Dance                 Hexes                        3
   e - Dazzling Spray                 Conjuration/Hexes            3
 l - a book of Fire

   Spells                             Type                      Level
   a - Ignite Poison                  Fire/Transmutation/Poison    3
   b - Fireball                       Conjuration/Fire             5
   c - Bolt of Fire                   Conjuration/Fire             6
   d - Delayed Fireball               Conjuration/Fire             7
   e - Ring of Flames                 Charms/Fire                  7
 E - a book of Alchemy

   Spells                             Type                      Level
   a - Sublimation of Blood           Necromancy                   2
   b - Ignite Poison                  Fire/Transmutation/Poison    3
   c - Alistair's Intoxication        Transmutation/Poison         4
   d - Condensation Shield            Ice                          4
   e - Petrify                        Transmutation/Earth          4
   f - Irradiate                      Conjuration/Transmutation    5
Comestibles
 d - 6 bread rations


   Skills:
 - Level 1.1 Short Blades
 - Level 3.0 Dodging
 - Level 12.4 Stealth
 + Level 9.9 Spellcasting
 * Level 11.2 Hexes


You had 18 spell levels left.
You knew the following spells:

 Your Spells              Type           Power        Failure   Level  Hunger
a - Ensorcelled Hibernat  Hex/Ice        ####..       1%          2    None
b - Confuse               Hex            ######..     1%          3    None
c - Corona                Hex            ######.      1%          1    None
d - Dazzling Spray        Conj/Hex       ####....     1%          3    None


Dungeon Overview and Level Annotations

Branches:
Dungeon (9/15)             Temple (1/1) D:7
   Lair: D:8-11         Orc: D:9-12

Altars:
Ashenzari
Cheibriados
Dithmenos
Elyvilon
Fedhas
Gozag
Kikubaaqudgha
Makhleb
Nemelex Xobeh
Okawaru
Qazlal
Ru
Sif Muna
Trog
Vehumet
Xom
Yredelemnul
Zin
The Shining One

Shops:
D:4 [   D:6 [   D:7 *

Annotations:
D:3 need dig
D:4 cat here


Innate Abilities, Weirdness & Mutations

You are tiny and cannot use many weapons and most armour.
You have supernaturally acute eyesight.
You are a herbivore.
You cover ground extremely quickly.
You need consume almost no food.


Message History

Press: ? - help, Shift-Dir - straight line, f/p - hill giant
Aim: a hill giant, wielding a giant spiked club (chance to defeat MR: 43%)
The hill giant resists with some effort.
Casting: Ensorcelled Hibernation
Confirm with . or Enter, or press ? or * to list all spells.
Aiming: Ensorcelled Hibernation
Press: ? - help, Shift-Dir - straight line, f/p - hill giant
Aim: a hill giant, wielding a giant spiked club (chance to defeat MR: 43%)
The hill giant resists with some effort.
Casting: Ensorcelled Hibernation
Confirm with . or Enter, or press ? or * to list all spells.
Aiming: Ensorcelled Hibernation
Press: ? - help, Shift-Dir - straight line, f/p - hill giant
Aim: a hill giant, wielding a giant spiked club (chance to defeat MR: 43%)
The hill giant looks drowsy...
The hill giant shouts!
You barely miss the hill giant.
The hill giant hits you with a giant spiked club!!!
Ouch! That really hurt!
You die...

#.................., ,
.................# ,
.................# * *
................[#
#....[......).#..#
#.............#..#
#.#..........##.[###########
#..#.........##[.#..........
#..###......###.@...........
##.# ###...## #.C...........
#.# ###.# #..........>.. #.#
### #......[...... * #.*
#............# ##
#..##.......##
###.###..####....##
###.....#..# ##.## ,,
#..$.......## *##


You could see a hill giant.

Vanquished Creatures
  Grinder (D:4)
  Sigmund (D:2)
  A wyvern (D:8)
  Duvessa (D:6)
  Purgy (D:3)
  An ice beast (D:9)
  2 phantoms (D:4)
  3 orc warriors
  2 sky beasts
  2 ogres
  3 centaurs
  2 giant frogs
  Dowan (D:6)
  5 killer bees (D:8)
  A water moccasin skeleton (D:5)
  5 wights (D:9)
  6 hounds
  A jelly (D:8)
  Crazy Yiuf (D:3)
  3 orc priests
  Ijyb (D:2)
  A centaur skeleton (D:6)
  A giant frog skeleton (D:6)
  An orc wizard (D:7)
  A gnoll shaman (D:8)
  3 iguanas
  11 worker ants
  Natasha (twice) (D:4)
  A hound zombie (D:5)
  A hound skeleton (D:9)
  A worker ant zombie (D:8)
  Robin (D:3)
  8 gnolls
  9 adders
  4 shadow imps
  An adder zombie (D:9)
  6 giant geckos
  13 orcs
  4 ball pythons
  4 giant cockroaches
  9 hobgoblins
  6 jackals
  10 bats
  A giant cockroach zombie (D:5)
  A giant gecko skeleton (D:4)
  6 giant newts
  16 goblins
  10 kobolds
  A quokka skeleton (D:5)
  6 rats
183 creatures vanquished.

Vanquished Creatures (collateral kills)
  An ice beast (D:9)
1 creature vanquished.

Grand Total: 184 creatures vanquished

Notes
Turn   | Place    | Note
--------------------------------------------------------------
     0 | D:1      | MirrMurr the Spriggan Enchanter began the quest for the Orb.
     0 | D:1      | Reached XP level 1. HP: 9/9 MP: 5/5
    79 | D:1      | Reached skill level 5 in Stealth
   112 | D:1      | Reached XP level 2. HP: 8/13 MP: 6/6
   340 | D:1      | Learned a level 2 spell: Ensorcelled Hibernation
   509 | D:1      | You fall through a shaft!
   513 | D:2      | Found a shattered altar of Ashenzari.
   519 | D:2      | Became a worshipper of Ashenzari the Shackled
   572 | D:2      | Reached skill level 6 in Stealth
   609 | D:2      | Reached XP level 3. HP: 12/16 MP: 8/8
   614 | D:2      | Learned a level 3 spell: Confuse
   619 | D:2      | Found a burning altar of Makhleb.
  1382 | D:2      | Noticed Sigmund
  1610 | D:2      | Found a white marble altar of Elyvilon.
  1623 | D:2      | Reached skill level 7 in Stealth
  1764 | D:2      | Killed Sigmund
  1764 | D:2      | Reached skill level 8 in Stealth
  1764 | D:2      | Reached XP level 4. HP: 21/21 MP: 2/11
  1764 | D:2      | Reached XP level 5. HP: 24/24 MP: 2/12
  1770 | D:2      | Learned a level 3 spell: Dazzling Spray
  2373 | D:2      | Noticed Ijyb
  2382 | D:2      | Killed Ijyb
  2382 | D:2      | Reached skill level 9 in Stealth
  2599 | D:3      | Reached * piety under Ashenzari
  2626 | D:3      | Noticed Purgy
  2787 | D:3      | Noticed Robin
  2937 | D:3      | Killed Purgy
  2937 | D:3      | Reached XP level 6. HP: 28/28 MP: 6/14
  3149 | D:3      | Killed Robin
  3149 | D:3      | Reached skill level 10 in Stealth
  3313 | D:3      | Noticed Crazy Yiuf
  3317 | D:3      | Killed Crazy Yiuf
  3796 | D:4      | Noticed Grinder
  3898 | D:4      | Killed Grinder
  3898 | D:4      | Reached skill level 11 in Stealth
  3898 | D:4      | Reached skill level 5 in Spellcasting
  3898 | D:4      | Reached XP level 7. HP: 32/32 MP: 14/16
  4239 | D:4      | Found Oruvion's Antique Armour Shoppe.
  4387 | D:4      | Reached skill level 12 in Stealth
  4397 | D:4      | Noticed Natasha
  4403 | D:4      | Killed Natasha
  4499 | D:4      | Noticed Natasha
  4511 | D:4      | Killed Natasha
  4865 | D:5      | Entered Level 5 of the Dungeon
  4918 | D:5      | Reached XP level 8. HP: 34/36 MP: 11/18
  4954 | D:5      | Reached ** piety under Ashenzari
  5481 | D:5      | Reached skill level 5 in Hexes
  5568 | D:6      | Noticed Duvessa
  5569 | D:6      | Noticed Dowan
  5585 | D:6      | Killed Dowan
  5592 | D:6      | Killed Duvessa
  5839 | D:6      | Found Jiab's Antique Armour Boutique.
  6658 | D:6      | Found a sparkling altar of Nemelex Xobeh.
  6693 | D:6      | Found a sparkling altar of Nemelex Xobeh.
  6693 | D:6      | Found a sacrificial altar of Ru.
  7075 | D:6      | Found a radiant altar of Vehumet.
  7075 | D:6      | Found a deep blue altar of Sif Muna.
  7082 | D:6      | Reached XP level 9. HP: 28/39 MP: 19/22
  7122 | D:7      | Found a staircase to the Ecumenical Temple.
  7128 | Temple   | Entered the Ecumenical Temple
  7242 | D:7      | Found Ufath's Assorted Antiques.
  7252 | D:7      | Bought a papyrus book for 330 gold pieces
  7953 | D:8      | Reached *** piety under Ashenzari
  8893 | D:8      | Reached skill level 10 in Hexes
  9325 | D:9      | Noticed a hill giant
  9546 | D:9      | Slain by a hill giant

Action                   |  1- 3 |  4- 6 |  7- 9 || total
-------------------------+-------+-------+-------++-------
Melee: Dagger            |   152 |   148 |   196 ||   496
 Cast: Ensorcelled Hiber |     4 |    17 |    72 ||    93
       Confuse           |     1 |     2 |    20 ||    23
       Dazzling Spray    |       |     1 |    12 ||    13
       Corona            |       |       |     6 ||     6
  Use: Scroll            |     2 |     4 |    11 ||    17
 Stab: Sleeping          |     8 |    13 |    73 ||    94
       Confused          |       |       |     8 ||     8
       Distracted        |       |       |     1 ||     1
       Invisible         |       |       |     2 ||     2
  Eat: Pizza             |       |     2 |       ||     2
       Bread ration      |       |     1 |       ||     1
